Map: Sequencer LE

Players

stakiimaN (stakimaN) - Winner!

  • Race: Zerg Zerg
  • Spawn Location: 1:00

ILuSionClocK

  • Race: Protoss Protoss
  • Spawn Location: 7:00

Event: WCS Valencia 2017

VOD

Have the link to the VOD?

Description

Time

  • Played on: July 13, 2017, 7:43 a.m.
  • Length: 7:55

All games in this series

Show
View Real Time Build Order
Export as new Build Order

stakiimaN Zerg - Winner!

Build Orders: Hatch First 

Get SALT Encoding   

  12  0:00  Drone  
  13  0:12  Overlord  
  13  0:17  Drone  
  14  0:30  Drone x2  
  14  0:34  Drone  
  17  0:51  Hatchery  
  17  0:54  Drone  
  17  0:59  Drone  
  18  1:12  Extractor  
  18  1:13  Spawning Pool  
  18  1:17  Drone  
  17  1:20  Drone  
  18  1:28  Drone  
  19  1:38  Overlord  
  19  1:49  Drone  
  20  1:59  Queen  
  20  2:00  Zergling x2  
  23  2:02  Queen  
  23  2:03  Zergling x2  
  26  2:10  Drone  
  26  2:11  Metabolic Boost  
  26  2:14  Drone  
  28  2:21  Drone  
  29  2:26  Drone  
  30  2:34  Drone  
  30  2:35  Drone  
  32  2:46  Hatchery  
  32  2:50  Pneumatized Carapace  
  31  2:52  Drone  
  31  2:56  Overlord  
  32  3:00  Drone x2  
  32  3:05  Drone  
  35  3:08  Drone  
  36  3:14  Overlord  
  36  3:15  Drone x2  
  36  3:18  Drone  
  39  3:21  Evolution Chamber  
  39  3:22  Zergling x2  
  39  3:25  Zergling x2  
  40  3:27  Drone  
  40  3:31  Drone x2  
  43  3:39  Spore Crawler x2  
  43  3:40  Drone x2  
  43  3:45  Drone  
  44  3:48  Queen  
  44  3:52  Drone  
  44  3:55  Overlord  
  47  3:58  Zerg Melee Weapons Level 1  
  47  4:01  Drone  
  47  4:02  Zergling x2  
  49  4:07  Zergling x6  
  52  4:11  Overlord  
  52  4:15  Spore Crawler, Drone x2  
  53  4:18  Zergling x2  
  53  4:20  Zergling x2  
  53  4:23  Zergling x4  
  57  4:27  Overlord  
  57  4:32  Lair  
  57  4:33  Drone  
  57  4:35  Drone  
  57  4:36  Drone  
  60  4:39  Drone  
  60  4:40  Drone  
  60  4:42  Drone x2  
  63  4:46  Drone x2  
  63  4:47  Zergling x2  
  63  4:52  Extractor, Zergling x2  
  64  4:53  Extractor, Zergling x2  
  64  4:56  Zergling x6  
  64  4:59  Zergling x4  
  69  5:02  Drone  
  69  5:05  Drone x3  
  72  5:07  Drone  
  72  5:13  Drone x2  
  74  5:18  Roach Warren, Zergling x2  
  73  5:21  Zergling x2  
  73  5:22  Zergling x6  
  73  5:25  Drone x3  
  73  5:27  Drone  
  81  5:30  Overlord  
  81  5:33  Overlord  
  81  5:43  Drone  
  81  5:47  Extractor  
  81  5:48  Extractor  
  81  5:49  Drone x2  
  85  5:50  Drone x3  
  85  5:51  Drone  
  85  5:54  Drone  
  85  5:55  Drone x4  
  91  5:58  Overlord  
  91  6:00  Glial Reconstitution  
  91  6:03  Hatchery  
  90  6:08  Roach x4  
  98  6:15  Overlord  
  98  6:16  Overlord  
  97  6:23  Baneling Nest  
  97  6:24  Zergling x2, Roach x2  
  98  6:26  Roach  
  98  6:27  Roach  
  98  6:29  Roach  
  103  6:33  Roach  
  103  6:34  Roach  
  103  6:38  Drone x5  
  109  6:43  Roach  
  109  6:44  Roach  
  111  6:47  Roach  
  111  6:51  Overlord  
  111  6:52  Overlord x3  
  111  6:53  Overlord  
  110  6:55  Roach  
  110  6:57  Roach  
  110  7:00  Roach  
  110  7:01  Roach  
  117  7:03  Roach x2  
  117  7:05  Roach  
  118  7:15  Drone  
  118  7:16  Drone x4  
  118  7:18  Zergling x2  
  123  7:23  Zergling x10  
  123  7:26  Zergling x6  
  123  7:28  Zergling x2, Spine Crawler  
  131  7:31  Spore Crawler, Zergling x2  
  131  7:32  Ravager x6  
  131  7:33  Ravager  
  131  7:36  Zergling x6  
  141  7:38  Zergling x2  
  141  7:43  Drone  
Show
View Real Time Build Order
Export as new Build Order

ILuSionClocK Protoss 

Build Orders: 1 Gate Expand, Oracle Opening, Phoenix Opening 

Get SALT Encoding   

  12  0:01  Probe (Chrono Boost)  
  13  0:11  Probe (Chrono Boost)  
  14  0:18  Pylon  
  14  0:22  Probe (Chrono Boost)  
  15  0:37  Probe (Chrono Boost)  
  15  0:40  Gateway  
  16  0:47  Probe (Chrono Boost)  
  17  0:50  Assimilator  
  17  0:58  Probe (Chrono Boost)  
  18  1:08  Probe (Chrono Boost)  
  19  1:19  Probe (Chrono Boost)  
  19  1:27  Nexus  
  19  1:37  Cybernetics Core  
  19  1:39  Probe (Chrono Boost)  
  20  1:48  Assimilator  
  20  1:50  Probe (Chrono Boost)  
  21  1:55  Pylon  
  21  2:00  Probe (Chrono Boost)  
  22  2:11  Probe (Chrono Boost)  
  22  2:14  Adept  
  25  2:15  Warp Gate  
  25  2:21  Probe (Chrono Boost)  
  26  2:34  Probe (Chrono Boost)  
  26  2:41  Stargate, Adept  
  26  2:42  Probe (Chrono Boost)  
  29  2:45  Probe (Chrono Boost)  
  30  2:52  Probe (Chrono Boost)  
  30  2:55  Probe (Chrono Boost)  
  32  3:03  Probe (Chrono Boost)  
  33  3:11  Probe (Chrono Boost)  
  34  3:13  Probe (Chrono Boost)  
  35  3:20  Pylon  
  35  3:21  Probe (Chrono Boost)  
  35  3:24  Probe (Chrono Boost), Oracle (Chrono Boost)  
  40  3:30  Probe  
  41  3:35  Pylon  
  41  3:36  Mothership Core  
  41  3:41  Probe, Adept  
  46  3:51  Probe  
  46  3:54  Gateway x2  
  47  3:56  Phoenix (Chrono Boost)  
  47  3:57  Probe  
  47  4:02  Probe  
  50  4:09  Probe  
  52  4:15  Nexus  
  52  4:26  Probe  
  52  4:28  Probe  
  52  4:30  Pylon  
  53  4:31  Pylon  
  53  4:33  Adept  
  53  4:36  Probe  
  51  4:40  Probe  
  48  4:47  Probe  
  48  4:52  Probe  
  49  4:56  Adept  
  49  4:57  Probe  
  52  5:04  Probe  
  53  5:08  Probe  
  53  5:16  Probe  
  53  5:18  Probe  
  53  5:19  Assimilator  
  55  5:21  Twilight Council, Assimilator  
  55  5:25  Forge  
  55  5:28  Probe  
  55  5:29  Probe  
  55  5:34  Probe  
  57  5:39  Probe  
  57  5:40  Probe  
  60  5:45  Probe  
  61  5:50  Probe  
  61  5:53  Probe  
  61  5:55  Probe, Adept x3  
  69  6:01  Probe  
  71  6:05  Probe  
  71  6:06  Probe  
  71  6:10  Charge  
  73  6:11  Probe  
  73  6:15  Adept  
  73  6:16  Adept x2  
  80  6:23  Probe  
  80  6:25  Probe  
  73  6:38  Adept x3  
  73  6:39  Probe x2  
  73  6:40  Probe  
  74  6:49  Probe  
  74  6:51  Probe  
  74  6:53  Probe  
  76  6:59  Adept x3  
  76  7:00  Probe  
  82  7:02  Probe  
  82  7:05  Probe  
  79  7:10  Probe  
  79  7:12  Probe  
  80  7:17  Probe  
  80  7:21  Probe  
  82  7:23  Probe  
  82  7:29  Probe  
  84  7:30  Robotics Facility  
  84  7:31  Probe  
  84  7:33  Probe  
  86  7:41  Probe  
  86  7:42  Probe  
  88  7:44  Zealot x2  
Tags
 
Add a new tag
Caveats
  • Supply blocks, unpowered buildings, or Contaminate may cause inaccurate times.
  • Supply counts are checked every 10 seconds.